Match 45665732
Unlisted

Match 45665732
End
Selects Italian Combined Arms Battlegroup
Selects Bersaglieri Squad
Bersaglieri Squad
250 Light Carrier
Bersaglieri Squad
Construct Light Support Kompanie
2.5-tonne Medical Truck
Panzerjäger Squad
Construct Mechanized Kompanie
Marder III Tank Destroyer
Selects Semovente da 75/18 Assault Gun
Semovente da 75/18 Assault Gun
Tungsten Core Ammunition
Selects Strafing Run
Strafing Run
Bersaglieri Squad
Support Armor Elements
Veteran Squad Leaders
Selects Bersaglieri Bolster
Selects Vehicle Support - Force Recon
Construct Panzerarmee Kommand
Walking Stuka Rocket Launcher
Selects Pact of Steel
Marder III Tank Destroyer
Vehicle Survival Package
Walking Stuka Rocket Launcher
Rapid Advance
Armored Reserves
Strafing Run
Panzergrenadier Squad
Walking Stuka Rocket Launcher
Strafing Run
Panzergrenadier Squad
Strafing Run
Emergency Repair Kits
Panzer IV Assault Group
Kaalar
【嗜血狼族】灵狐魅儿
sss
ionwood
Svenious Jakobus (GB)
A-Kai
Will
15thShiMing
0
0

Comments sign in to comment!

No comments posted yet!